 Dungeon Crawl Stone Soup version 0.17-a0-1718-g72dbe4d (webtiles) character file.

101 urechis the Skirmisher (level 4, 0/37 HPs)
             Began as a Demonspawn Abyssal Knight on Aug 24, 2015.
             Was a Believer of Lugonu.
             Succumbed to Sigmund's poison
             ... on level 2 of the Dungeon.
             The game lasted 00:03:16 (1900 turns).

urechis the Skirmisher (Demonspawn Abyssal Knight)  Turns: 1900, Time: 00:03:16

Health: 0/37       AC:  5    Str: 13    XL:     4   Next: 48%
Magic:  5/5        EV:  6    Int: 13    God:    Lugonu [**....]
Gold:   35         SH:  0    Dex: 13    Spells: 0 memorised, 3 levels left

rFire  + . .     SeeInvis .     a - +1 falchion
rCold  . . .     Clarity  .     b - +0 leather armour
rNeg   . . .     SustAt   .     (no shield)
rPois  .         Gourm    .     d - +2 hat
rElec  .         Spirit   .     (no cloak)
rCorr  .         Warding  .     (no gloves)
rMut   .         Stasis   .     (no boots)
MR     .....                    (no amulet)
Stlth  +.........               (no ring)
                                (no ring)

@: lethally poisoned (0 -> -3), slowed, very slow, not resistant to hostile
enchantments, very unstealthy
A: fire resistance 1, spiny 1, flame cloud immunity
a: Depart the Abyss, Bend Space, Renounce Religion


You were on level 2 of the Dungeon.
You worshipped Lugonu.
Lugonu was pleased with you.
You were not hungry.

You visited 1 branch of the dungeon, and saw 2 of its levels.
You visited the Abyss 1 time.

You collected 35 gold pieces.

Inventory:

Hand weapons
 a - a +1 falchion (weapon)
Armour
 b - a +0 leather armour (worn)
 d - a +2 hat (worn)
Scrolls
 e - a scroll of fog {unknown}
 i - 2 scrolls of remove curse {unknown}
Potions
 g - a potion of curing {unknown}
Comestibles
 c - 2 bread rations
 f - a royal jelly
 h - a slice of pizza
 j - 3 meat rations
 k - 4 chunks of flesh
 l - a beef jerky


   Skills:
 + Level 3.8 Fighting
 * Level 3.7 Long Blades
 - Level 1.7 Armour
 - Level 0.8 Dodging
 - Level 2.4 Invocations


You had 3 spell levels left.
You didn't know any spells.

Dungeon Overview and Level Annotations

Branches:
Dungeon (2/15)

Altars:
Dithmenos

Annotations:
D:2 Sigmund


Innate Abilities, Weirdness & Mutations

Your flesh is heat resistant.
You are partially covered in sharp spines.
You are immune to clouds of flame.


Message History

* * * LOW HITPOINT WARNING * * *
* * * LOW HITPOINT WARNING * * *
You feel sick.
A puff of flame appears from out of thin air!
The puff of flame hits you! You resist.
* * * LOW HITPOINT WARNING * * *
* * * LOW HITPOINT WARNING * * *
You feel sick.
* * * LOW HITPOINT WARNING * * *
You feel sick.
* * * LOW HITPOINT WARNING * * *
You feel sick.
The gnoll throws a throwing net.
Something gets caught in the net!
Something wriggles in the net.
* * * LOW HITPOINT WARNING * * *
You feel sick.
Found a stone staircase leading up.
* * * LOW HITPOINT WARNING * * *
You feel sick.
There is a stone staircase leading up here.
You die...

.####....#######...........
.'............ยง.......?...
.####....#.#####.......... # .#
#....#.#..gg.g...#### #### ##
######.#.######g.# .... ### #.#
#..(....# #. ..# #.# #.###.#.#
#. ..# #.# #.#.#.#..# ## ..# #.#
#..@#.#..# # ..# #.# #####.#..#
# #.# ..#... .# # #.# ###.#.##.#
# #.######## #..#.#
#.#......##############.#.#
#......................[..#
###....).##############...######
###......# #########..........##


There were no monsters in sight!

Vanquished Creatures
  Natasha (twice) (D:2)
  A gnoll (D:1)
  3 adders (D:2)
  A giant gecko (D:2)
  A ball python (D:2)
  A giant cockroach (D:2)
  4 goblins
  4 hobgoblins (D:1)
  3 kobolds (D:1)
  2 quokkas (D:2)
  3 bats
  2 giant newts (D:2)
  3 jackals (D:2)
  2 rats (D:2)
32 creatures vanquished.

Notes
Turn   | Place    | Note
--------------------------------------------------------------
     0 | Abyss:1  | urechis the Demonspawn Abyssal Knight began the quest for the Orb.
     0 | Abyss:1  | Reached XP level 1. HP: 18/18 MP: 2/2
    13 | D:1      | Escaped the Abyss
   443 | D:1      | Gained mutation: Your flesh is heat resistant. [demonic ancestry]
   443 | D:1      | Reached XP level 2. HP: 18/24 MP: 3/3
   741 | D:2      | Noticed Natasha
   750 | D:2      | Killed Natasha
   750 | D:2      | Gained mutation: You are immune to clouds of flame. [demonic ancestry]
   750 | D:2      | Reached XP level 3. HP: 8/29 MP: 4/4
  1027 | D:2      | HP: 1/29 [poisoned by an adder]
  1448 | D:2      | Gained mutation: You are partially covered in sharp spines. [demonic ancestry]
  1448 | D:2      | Reached XP level 4. HP: 12/37 MP: 5/5
  1741 | D:2      | Found a shadowy altar of Dithmenos.
  1879 | D:2      | Noticed Natasha
  1880 | D:2      | Acquired Lugonu's second power
  1883 | D:2      | Noticed Sigmund
  1891 | D:2      | Killed Natasha
  1898 | D:2      | HP: 1/37 [poisoned by Sigmund]
  1900 | D:2      | Succumbed to Sigmund's poison

Vault maps used:
D:1:      dpeg_arrival_boxes_within_box, minmay_crystal_room,
          minmay_misc_feat_square
D:2:      nicolae_dithmenos_through_a_glass_darkly, uniq_sigmund, uniq_natasha

Action                   |  1- 3 |  4- 6 || total
-------------------------+-------+-------++-------
Melee: Falchion          |   114 |    15 ||   129
  Eat: Chunk             |     1 |     2 ||     3
